 Dungeon Crawl Stone Soup version 0.30.0-17-ge0270778cf (webtiles) character file.

Game seed: 2246569963731199781

38826 Kenran the Marksant (level 14, 0/108 HPs)
             Began as a Formicid Fighter on May 21, 2023.
             Was a High Priest of Cheibriados.
             Slain by an eight-headed hydra (4 damage)
             ... on level 5 of the Lair of Beasts.
             The game lasted 00:24:59 (14248 turns).

Kenran the Marksant (Formicid Fighter)             Turns: 14248, Time: 00:25:00

Health: 0/108      AC: 14    Str: 41    XL:     14   Next: 36%
Magic:  15/21      EV: 20    Int: 23    God:    Cheibriados [*****.]
Gold:   568        SH: 19    Dex: 28    Spells: 13/13 levels left

rFire   . . .        a - +9 arbalest (flame)
rCold   . . .        F - +0 kite shield
rNeg    . . .        G - +1 swamp dragon scales
rPois   +            (helmet unavailable)
rElec   .            N - +2 cloak of the Armadillo {Drain rPois Will+ rCorr}
rCorr   +            (no gloves)
SInv    +            O - +0 pair of boots
Will    ++...        J - amulet of reflection
Stlth   ++           w - +6 ring of strength
HPRegen 0.38/turn    m - +5 ring of evasion
MPRegen 0.17/turn

%: reflection
@: very slow
A: permanent stasis, dig shafts and tunnels, antennae 3, four strong arms
a: Dig, Shaft Self, Renounce Religion, Bend Time, Temporal Distortion, Slouch,
Step From Time


You were on level 5 of the Lair of Beasts.
You worshipped Cheibriados.
Cheibriados was extremely pleased with you.
You visited 3 branches of the dungeon, and saw 17 of its levels.
You also visited: Bailey.

You collected 1155 gold pieces.
You spent 587 gold pieces at shops.

Inventory:

Hand Weapons
 a - a +9 arbalest of flaming (weapon)
 b - the +11 Singing Sword {sonic wave}
   (You found it on level 11 of the Dungeon)
 Q - the +10 flail of Ashenzari, Uplifting {venom, Str+5 Dex-5 Stlth+}
   (You found it on level 5 of the Lair of Beasts)

   Str:       It affects your strength (+5).
   Dex:       It affects your dexterity (-5).
   Stlth:     It makes you more stealthy.
Armour
 F - a +0 kite shield (worn)
 G - +1 swamp dragon scales (worn)
 N - the +2 cloak of the Armadillo (worn) {Drain rPois Will+ rCorr}
   (You bought it in a shop on level 9 of the Dungeon)

   rPois:     It protects you from poison.
   rCorr:     It protects you from acid and corrosion.
   Drain:     It drains your maximum health when unequipped.
   Will:      It increases your willpower.
 O - a +0 pair of boots (worn)
Jewellery
 m - a +5 ring of evasion (right hand)
 w - a +6 ring of strength (left hand)
 A - a ring of resist corrosion
 J - an amulet of reflection (around neck)
Wands
 d - a wand of digging (6)
 D - a wand of iceblast (3)
 H - a wand of charming (10)
 I - a wand of polymorph (8)
 L - a wand of flame (27)
 M - a wand of mindburst (3)
Scrolls
 c - a scroll of fear
 h - a scroll of magic mapping
 i - 6 scrolls of enchant armour
 j - 3 scrolls of enchant weapon
 k - 2 scrolls of brand weapon
 l - 3 scrolls of amnesia {unknown}
 n - 7 scrolls of poison {unknown}
 q - 3 scrolls of vulnerability {unknown}
 s - 3 scrolls of fog {unknown}
 v - 4 scrolls of teleportation {unknown}
 y - 4 scrolls of noise {unknown}
 C - 3 scrolls of blinking {unknown}
 E - 2 scrolls of immolation {unknown}
Potions
 e - 2 potions of attraction {!q}
 f - 2 potions of haste
 g - 9 potions of curing {@q1}
 o - 7 potions of mutation {!q}
 p - 4 potions of heal wounds {@q2}
 r - 2 potions of flight
 t - 3 potions of resistance
 x - 2 potions of magic {unknown}
 z - 5 potions of brilliance {unknown}
 B - 2 potions of invisibility
 K - 2 potions of ambrosia
 P - a potion of lignification {unknown}
Miscellaneous
 u - a lightning rod (4/4)


   Skills:
 - Level 9.1 Fighting
 + Level 8.5 Long Blades
 - Level 4.5 Polearms
 - Level 16.0 Ranged Weapons
 - Level 6.0 Armour
 - Level 5.0 Dodging
 - Level 10.0 Shields
 - Level 10.0 Invocations


You had 13 spell levels left.
You didn't know any spells.
Your spell library contained the following spells:

 Spells                   Type           Power      Damage    Failure   Level
 Shock                    Conj/Air       0%         1d3       28%         1
 Sublimation of Blood     Necr           0%         N/A       38%         2
 Wereblood                Tmut           0%         N/A       38%         2
 Dazzling Flash           Conj/Hex       0%         N/A       63%         3
 Volatile Blastmotes      Fire/Tloc      0%         2d10      63%         3
 Airstrike                Air            0%         2d(0-16)  95%         4
 Anguish                  Hex/Necr       0%         N/A       95%         4
 Cause Fear               Hex            0%         N/A       95%         4
 Fulminant Prism          Conj/Hex       0%         3d5       95%         4
 Iskenderun's Mystic Bla  Conj/Tloc      0%         2d3       95%         4
 Olgreb's Toxic Radiance  Pois           0%         N/A       95%         4
 Lee's Rapid Deconstruct  Erth           0%         3d4*      100%        5
 Eringya's Noxious Bog    Tmut/Pois      0%         N/A       100%        6
 Starburst                Conj/Fire      0%         6d3       100%        6
 Enfeeble                 Hex            0%         N/A       100%        7
 Summon Hydra             Summ           0%         N/A       100%        7
 Discord                  Hex            0%         N/A       100%        8
 Ignition                 Fire           0%         3d3       100%        8
 Lehudib's Crystal Spear  Conj/Erth      0%         10d2      100%        8
 Swiftness                Air            Unusable   N/A       N/A         3

Dungeon Overview and Level Annotations

Branches:
Dungeon (11/15)            Temple (1/1) D:6            Lair (5/5) D:10
  Swamp (0/4) Lair:3        Snake (0/4) Lair:2        Slime (0/5) Lair:5
    Orc (0/2) D:10         Bailey (visited)

Altars:
Ashenzari
Cheibriados
Dithmenos
Elyvilon
Fedhas
Gozag
Hepliaklqana
Kikubaaqudgha
Makhleb
Nemelex Xobeh
Okawaru
Qazlal
Ru
Sif Muna
Trog
Uskayaw
Vehumet
Wu Jian
Xom
Yredelemnul
Zin
The Shining One

Shops:
D:6 *   D:9 [

Annotations:
D:9 2 transporters, fedoskokos's ghost, journeyman DjCj


Innate Abilities, Weirdness & Mutations

You cannot be hasted, slowed, berserked, paralysed or teleported.
You can dig through walls and to a lower floor.
You have a pair of large antennae on your head. (SInv)
Your four strong arms can wield two-handed weapons with a shield.


Message History

You block the eight-headed hydra's attack.
The eight-headed hydra bites you! The eight-headed hydra misses you.
The eight-headed hydra bites you.
* * * LOW HITPOINT WARNING * * *
The eight-headed hydra bites you but does no damage.
You block the eight-headed hydra's attack.
The eight-headed hydra bites you!
* * * LOW HITPOINT WARNING * * *
The eight-headed hydra misses you.
Fire: a) +9 arbalest (flame)
Press: ? - help, Q - select action, (/) - cycle Shift-Dir - straight line, f - eight-headed hydra
Aim: an eight-headed hydra (87% to hit)
You shoot a bolt. The bolt hits the eight-headed hydra!!
The bolt burns the eight-headed hydra!
The eight-headed hydra is heavily wounded.
The yak seems to regain its courage.
A four-headed hydra comes into view.
You block the eight-headed hydra's attack.
The eight-headed hydra completely misses you.
The eight-headed hydra bites you!
* * * LOW HITPOINT WARNING * * *
You block the eight-headed hydra's attack.
The eight-headed hydra closely misses you.
You block the eight-headed hydra's attack.
The eight-headed hydra bites you but does no damage.
The eight-headed hydra barely misses you.
Fire: a) +9 arbalest (flame)
Press: ? - help, Q - select action, (/) - cycle Shift-Dir - straight line, f/p - eight-headed hydra
Aim: an eight-headed hydra (heavily wounded, 87% to hit)
You shoot a bolt. The four-headed hydra roars!
The bolt hits the eight-headed hydra!
The bolt burns the eight-headed hydra.
The eight-headed hydra is severely wounded.
The eight-headed hydra bites you.
* * * LOW HITPOINT WARNING * * *
You block the eight-headed hydra's attack.
The eight-headed hydra barely misses you.
You block the eight-headed hydra's attack.
The eight-headed hydra bites you.
You die...

*,,,........##÷÷.#P#.....##,,,,,,
,,,,........##..÷###........,,,,,
,,,,.........#÷.÷.#.P.......,,,,,
,,,,........##..............,,,,,
*,,,...........................,,
,,,,..........†................,,
*,,,...........†...............,,
*,,,..........†D..#.....#......,,
,,,,........P#..@#÷...###.....^,,
*,,,..........#.#.....##.P.....,,
**,*#.........................#,,
****#####.#..Y........<.......,,
#.#....................*,
###P...................,,
#.P..................,,
#....................,,
**,..................,,


You could see an eight-headed hydra and a yak.

Vanquished Creatures
  2 catoblepae (Lair:3)
  2 ghost crabs (Lair:3)
  2 boulder beetles
  5 two-headed ogres
  A spectral hydra (Lair:3)
  2 manticores
  5 elephants (Lair:5)
  A guardian serpent (Lair:2)
  Maurice (D:8)
  2 black mambas
  Maggie (D:6)
  A gargoyle (D:10)
  7 cane toads
  2 rime drakes
  An unseen horror (D:9)
  10 komodo dragons
  5 trolls
  6 dream sheep (Lair:5)
  2 spectral dream sheep (Lair:3)
  Sigmund (D:6)
  2 shadows
  A wraith (D:9)
  6 spriggans (Bailey)
  2 wyverns
  3 basilisks
  54 yaks
  A vampire (D:11)
  3 vampire mosquitoes (D:11)
  2 acid dragons
  Edmund (D:6)
  8 water moccasins
  Duvessa (D:5)
  A spectral torpor snail (Lair:3)
  3 ice beasts
  3 orc warriors
  A black bear (D:6)
  2 sky beasts (D:8)
  14 wolves
  7 ogres
  13 centaurs
  6 phantoms
  A kobold brigand (D:7)
  14 bullfrogs
  3 scorpions (D:5)
  Blork the orc (D:4)
  12 wights
  Dowan (D:5)
  2 troll zombies (D:10)
  4 killer bees (D:9)
  An electric eel (Lair:3)
  4 howler monkeys
  6 jellies
  6 orc priests
  3 hounds
  A sleepcap (D:7)
  Jessica (D:2)
  Natasha (thrice) (D:3)
  4 iguanas
  10 orc wizards
  4 ogre zombies (D:10)
  Robin (D:3)
  9 adders
  3 gnolls (D:5)
  A shadow imp (D:7)
  A white imp (D:6)
  An ufetubus (D:7)
  2 dart slugs (D:1)
  41 orcs
  3 ball pythons
  5 endoplasms
  5 giant cockroaches
  15 goblins
  15 hobgoblins
  5 jackals
  14 kobolds
  6 quokkas
  4 bats
  2 frilled lizards
  3 goblin skeletons (D:10)
  3 goblin zombies (D:10)
  3 orc skeletons (D:10)
  10 orc zombies (D:10)
  2 rats
428 creatures vanquished.

Vanquished Creatures (others)
  A manticore (Lair:3)
1 creature vanquished.

Grand Total: 429 creatures vanquished

Notes
Turn   | Place    | Note
-------+----------+-------------------------------------------
     0 | D:1      | Kenran the Formicid Fighter began the quest for the Orb.
     0 | D:1      | Reached XP level 1. HP: 18/18 MP: 1/1
   102 | D:1      | Reached XP level 2. HP: 24/24 MP: 2/2
   281 | D:1      | Reached XP level 3. HP: 22/29 MP: 3/3
   856 | D:2      | Found a faded altar of an unknown god.
   942 | D:2      | Noticed Jessica
   957 | D:2      | Killed Jessica
   958 | D:2      | Reached XP level 4. HP: 30/35 MP: 4/4
  1721 | D:2      | Identified a scroll of acquirement
  1722 | D:2      | Acquired the +5 arbalest of Xeokhleph {flame, Int+3 Dex+7}
  1772 | D:3      | Noticed Natasha
  1773 | D:3      | Killed Natasha
  1773 | D:3      | Noticed Robin
  1774 | D:3      | Reached skill level 1 in Ranged Weapons
  1774 | D:3      | Reached XP level 5. HP: 41/41 MP: 5/5
  2211 | D:3      | Reached skill level 2 in Ranged Weapons
  2386 | D:3      | Noticed Natasha
  2387 | D:3      | Killed Natasha
  2490 | D:3      | Noticed Natasha
  2495 | D:3      | Killed Natasha
  2496 | D:3      | Reached skill level 3 in Ranged Weapons
  2506 | D:3      | Reached XP level 6. HP: 47/47 MP: 6/6
  2706 | D:3      | Killed Robin
  2707 | D:3      | Reached skill level 4 in Ranged Weapons
  3337 | D:4      | Noticed Blork the orc
  3343 | D:4      | Killed Blork the orc
  3344 | D:4      | Reached skill level 5 in Ranged Weapons
  3344 | D:4      | Reached XP level 7. HP: 25/52 MP: 7/7
  3577 | D:4      | Found a shimmering blue altar of Sif Muna.
  3577 | D:4      | Identified the +6 quarterstaff "Jinam" {pain, Str+5 Dex+5}
  3888 | D:5      | Entered Level 5 of the Dungeon
  3888 | D:5      | Noticed Duvessa
  3888 | D:5      | Noticed Dowan
  3892 | D:5      | Killed Duvessa
  3893 | D:5      | Reached skill level 6 in Ranged Weapons
  3894 | D:5      | Killed Dowan
  3958 | D:5      | Reached XP level 8. HP: 58/58 MP: 8/8
  3964 | D:5      | Reached skill level 7 in Ranged Weapons
  4095 | D:5      | Reached skill level 8 in Ranged Weapons
  4192 | D:5      | Reached skill level 9 in Ranged Weapons
  4449 | D:6      | Reached XP level 9. HP: 58/64 MP: 9/9
  4513 | D:6      | Found a staircase to the Ecumenical Temple.
  4523 | Temple   | Entered the Ecumenical Temple
  4613 | Temple   | Became a worshipper of Cheibriados the Contemplative
  4770 | D:6      | Reached skill level 10 in Ranged Weapons
  4786 | D:6      | Noticed Edmund
  4790 | D:6      | Killed Edmund
  4791 | D:6      | Reached skill level 5 in Fighting
  4887 | D:6      | Noticed Maggie
  4895 | D:6      | Killed Maggie
  5126 | D:6      | Found a transporter.
  5161 | D:6      | Noticed Sigmund
  5166 | D:6      | Killed Sigmund
  5166 | D:6      | Reached * piety under Cheibriados
  5167 | D:6      | Reached skill level 11 in Ranged Weapons
  5195 | D:6      | Reached XP level 10. HP: 76/76 MP: 10/10
  5250 | D:6      | Found a transporter.
  5255 | D:6      | Found Gikiejio's Assorted Antiques.
  5737 | D:6      | Bought a coppery potion for 27 gold pieces
  5737 | D:6      | Bought a scroll labelled FUERET VYSCHEXTO for 30 gold
                  | pieces
  5737 | D:6      | Bought a scroll labelled ESHRAS HOMUWKEKK for 30 gold
                  | pieces
  5928 | D:7      | Reached skill level 12 in Ranged Weapons
  6288 | D:7      | Reached ** piety under Cheibriados
  6297 | D:7      | Found a glowing golden altar of the Shining One.
  6466 | D:7      | Identified the +1 chain mail "Sanau" {Fly rF+ Dex-5 Slay+2}
  6748 | D:8      | Reached skill level 13 in Ranged Weapons
  6786 | D:8      | Found a flagged portal.
  6808 | Bailey   | Entered a bailey
  7105 | Bailey   | Noticed a two-headed ogre
  7106 | Bailey   | Reached skill level 14 in Ranged Weapons
  7106 | Bailey   | Reached skill level 1 in Invocations
  7111 | Bailey   | Killed a two-headed ogre
  7112 | Bailey   | Reached XP level 11. HP: 22/81 MP: 10/14
  7590 | D:8      | Noticed Maurice
  7592 | D:8      | Noticed a two-headed ogre
  7597 | D:8      | Killed a two-headed ogre
  7598 | D:8      | Reached skill level 5 in Invocations
  7608 | D:8      | Killed Maurice
  7727 | D:8      | Found a hide-covered altar of Uskayaw.
  7747 | D:8      | Reached *** piety under Cheibriados
  7758 | D:8      | Reached skill level 5 in Dodging
  7808 | D:8      | Reached skill level 5 in Shields
  7824 | D:8      | Found a shimmering altar of Xom.
  8125 | D:9      | Found a transporter.
  8141 | D:9      | Noticed a two-headed ogre
  8141 | D:9      | Noticed a moth of wrath
  8142 | D:9      | Noticed fedoskokos's ghost (journeyman DjCj)
  8143 | D:9      | Noticed a two-headed ogre
  8144 | D:9      | Noticed a tengu warrior
  8145 | D:9      | Found a bloodstained altar of Trog.
  8259 | D:9      | Reached **** piety under Cheibriados
  8482 | D:9      | Found Uthiuh's Armour Boutique.
  8514 | D:9      | Bought the +2 cloak of the Armadillo {Drain rPois Will+
                  | rCorr} for 500 gold pieces
  8550 | D:9      | Found a transporter.
  8628 | D:10     | Entered Level 10 of the Dungeon
  8706 | D:10     | Noticed a two-headed ogre
  8710 | D:10     | Killed a two-headed ogre
  8747 | D:10     | Reached XP level 12. HP: 88/88 MP: 15/15
  8817 | D:10     | Found a staircase to the Orcish Mines.
  8825 | D:10     | Reached skill level 10 in Shields
  8953 | D:10     | Found a staircase to the Lair.
  8997 | D:10     | Reached ***** piety under Cheibriados
  9234 | D:10     | Reached skill level 15 in Ranged Weapons
  9495 | D:10     | Noticed a boulder beetle
  9501 | D:10     | Killed a boulder beetle
 10086 | D:11     | Found a blossoming altar of Fedhas.
 10221 | D:11     | Noticed a two-headed ogre
 10223 | D:11     | Killed a two-headed ogre
 10288 | D:11     | Found the +11 Singing Sword {sonic wave}
 10342 | D:11     | Reached skill level 16 in Ranged Weapons
 10386 | D:11     | Noticed a two-headed ogre
 10392 | D:11     | Killed a two-headed ogre
 10634 | Lair:1   | Entered Level 1 of the Lair of Beasts
 10654 | Lair:1   | Reached XP level 13. HP: 98/98 MP: 16/16
 10716 | Lair:1   | Identified the staff of earth "Nikk" {Str+2}
 10836 | Lair:1   | Found a glowing silver altar of Zin.
 10883 | Lair:1   | Identified the +3 pair of gloves "Jupnes" {Harm Str+3}
 11154 | Lair:2   | Found a staircase to the Snake Pit.
 11162 | Lair:2   | Reached skill level 1 in Long Blades
 11540 | Lair:2   | Reached ****** piety under Cheibriados
 11541 | Lair:2   | Reached skill level 5 in Armour
 11603 | Lair:2   | Found a glowing silver altar of Zin.
 12128 | Lair:3   | Noticed a catoblepas
 12128 | Lair:3   | Noticed a catoblepas
 12133 | Lair:3   | Killed a catoblepas
 12152 | Lair:3   | Killed a catoblepas
 12308 | Lair:3   | Reached skill level 5 in Long Blades
 12433 | Lair:3   | Found a staircase to the Swamp.
 12433 | Lair:3   | Noticed a ghost crab
 12433 | Lair:3   | Noticed a ghost crab
 12447 | Lair:3   | Killed a ghost crab
 12451 | Lair:3   | Killed a ghost crab
 12684 | Lair:3   | Reached XP level 14. HP: 108/108 MP: 20/20
 13268 | Lair:4   | Got the Cyclopedia of Virulence and Lithomancy
 14136 | Lair:5   | Entered Level 5 of the Lair of Beasts
 14175 | Lair:5   | Reached skill level 10 in Invocations
 14180 | Lair:5   | Identified the +10 flail of Ashenzari, Uplifting {venom,
                  | Str+5 Dex-5 Stlth+}
 14244 | Lair:5   | HP: 5/108 [eight-headed hydra (11)]
 14248 | Lair:5   | Slain by an eight-headed hydra

Illustrated notes

Levels and vault maps discovered:
D:1:      lightli_arrival_statue_moat, layout_basic, minmay_stone_trees_small,
          nrook_loot_triangle
D:2:      layout_loops_corners, shapermc_ecumenical_altar_pompeii,
          kennysheep_jessica_study
D:3:      layout_basic, kennysheep_cross_bottleneck, minmay_tree_intersection,
          uniq_natasha, uniq_robin, uniq_jessica
D:4:      layout_basic, nicolae_sif_muna_condensation, uniq_blork_the_orc
D:5:      layout_rooms, uniq_duvessa
D:6:      layout_basic, minmay_temple_entry_tees, serial_shops,
          nicolae_shop_drivethru, minmay_misc_feat_doors, nicolae_water_bricks,
          uniq_sigmund, uniq_edmund, uniq_maggie
D:7:      layout_gridville, kennysheep_little_box, st_stairs_8
D:8:      layout_cave_pools, mainiacjoe_overflow_catwalk,
          mainiacjoe_overflow_concentric_impassable, enter_bailey_2,
          uniq_maurice
D:9:      layout_rooms, gammafunk_ghost_wrathful_warriors, serial_shops,
          nicolae_shop_tiny_glass, wad_dig_loot
D:10:     layout_loops_corners, david_lair_shrubbed, zombieorc1_lemuel,
          centaur_isle
D:11:     layout_gridville, fedhas_altar_4
Temple:   nicolae_temple_bog_church
Lair:1:   layout_hall_layers, basic_altar, grunt_forest_stairs_basic
Lair:2:   layout_gridlike, minmay_snake_entry_spellcaster, basic_altar
Lair:3:   nzn_motion_control, layout_cave_pods, nicolae_swamp_entry_spooky,
          serial_bayou_shore_a, infiniplex_staircase_pool, uniq_urug
Lair:4:   layout_loops_ring, infiniplex_staircase_pool_2
Lair:5:   grunt_lair_end_beastmaster, layout_gridlike,
          dpeg_slime_entry_enclosed, nicolae_volcano_entry_hallway

Skill      XL: |  1  2  3  4  5  6  7  8  9 10 11 12 13 14 |
---------------+-------------------------------------------+-----
Polearms       | 3 4 |  4.5
Ranged Weapons | 1 3 5 6 9 11 14 16 | 16.0
Fighting       | 6 8 9 |  9.1
Invocations    | 4 5 9 10 | 10.0
Dodging        | 5 |  5.0
Shields        | 9 10 | 10.0
Long Blades    | 6 8 |  8.5
Armour         | 6 |  6.0

Action                     |  1- 3 |  4- 6 |  7- 9 | 10-12 | 13-15 || total
---------------------------+-------+-------+-------+-------+-------++-------
  Melee: Trident           |    78 |    26 |       |       |       ||   104
   Fire: Arbalest          |       |    98 |   124 |   400 |   296 ||   918
 Invoke: Slouch            |       |       |       |       |     2 ||     2
         Step From Time    |       |       |       |       |     1 ||     1
    Use: Potion            |     2 |     1 |       |     1 |     4 ||     8
         Scroll            |       |     6 |     1 |     2 |    13 ||    22
 Armour: Scale mail        |    30 |    26 |     1 |       |       ||    57
         Plate armour      |       |       |    30 |    29 |       ||    59
         Swamp dragon scal |       |       |       |    18 |    35 ||    53
  Dodge: Dodged            |    33 |    33 |    24 |   121 |   135 ||   346
  Block: Buckler           |    11 |    28 |    24 |    18 |       ||    81
         Kite shield       |       |       |       |   126 |   217 ||   343
         Reflection        |       |       |       |    15 |     2 ||    17
